 Dungeon Crawl Stone Soup version 0.28-a0-245-g639a1a48b9 (webtiles) character file.

Game seed: 7145079519356641669

61620 siradein the Severer (level 14, -4/183 HPs)
             Began as a Minotaur Berserker on Aug 24, 2021.
             Was the Champion of Trog.
             Slain by Nessos (5 damage)
             ... on level 14 of the Dungeon on Aug 25, 2021.
             The game lasted 00:49:34 (25025 turns).

siradein the Severer (Minotaur Berserker)          Turns: 25025, Time: 00:49:35

Health: -4/183     AC: 16    Str: 35    XL:     14   Next: 61%
Magic:  13/13      EV: 14    Int:  4    God:    Trog [******]
Gold:   1736       SH:  0    Dex: 10    Spells: 13/13 levels left

rFire   + . .      SeeInvis .   S - +3 battleaxe (vorpal)
rCold   . . .      Faith    +   (shield currently unavailable)
rNeg    . . .      Spirit   .   G - +5 ring mail "Goddutazuy" {Str+2}
rPois   .          Reflect  .   (helmet restricted)
rElec   .          Harm     .   L - +0 cloak {rF+}
rCorr   .          Rampage  .   K - +0 pair of gloves
Will    ++++.                   F - +0 pair of boots
Stlth   ..........              m - amulet of faith
HPRegen 1.40/turn               J - ring of willpower
MPRegen 0.13/turn               u - +6 ring of strength

@: berserking, lethally poisoned (-4 -> -21), strong-willed, regenerating, very
quick
A: horns 2, retaliatory headbutt
a: Renounce Religion, Berserk, Trog's Hand, Brothers in Arms


You were on level 14 of the Dungeon.
You worshipped Trog.
Trog was exalted by your worship.
You visited 2 branches of the dungeon, and saw 20 of its levels.
You also visited: Bailey and Volcano.

You collected 1764 gold pieces.
You spent 28 gold pieces at shops.

Inventory:

Hand Weapons
 j - a +3 vorpal broad axe
 H - a +2 morningstar of protection
 S - a +3 vorpal battleaxe (weapon)
 V - a +2 war axe of flaming
 X - a +3 antimagic eveningstar
Missiles
 e - 4 curare-tipped darts
 l - 7 atropa-tipped darts (quivered)
 W - 6 datura-tipped darts
Armour
 y - a +2 kite shield
 A - the +3 scale mail of Happy Babbling {Dex+4}
   (You found it on level 7 of the Dungeon)

   Dex:       It affects your dexterity (+4).
 F - a +0 pair of boots (worn)
 G - the +5 ring mail "Goddutazuy" (worn) {Str+2}
   (You found it on level 3 of the Lair of Beasts)

   Str:       It affects your strength (+2).
 K - a +0 pair of gloves (worn)
 L - a +0 cloak of fire resistance (worn)
Jewellery
 a - a ring of willpower
 i - an amulet of regeneration
 m - an amulet of faith (around neck)
 u - a +6 ring of strength (right hand)
 E - an amulet of reflection
 I - an amulet of the acrobat
 J - a ring of willpower (left hand)
Wands
 g - a wand of acid (8)
 n - a wand of iceblast (18)
 o - a wand of polymorph (15)
 p - a wand of flame (28)
 r - a wand of paralysis (7)
Scrolls
 c - 2 scrolls of silence
 h - 3 scrolls of enchant armour
 q - 6 scrolls of blinking
 s - 2 scrolls of magic mapping
 v - a scroll of acquirement {unknown}
 w - 7 scrolls of teleportation
 z - 5 scrolls of fog {unknown}
 B - a scroll of summoning
 C - 3 scrolls of immolation
 D - a scroll of brand weapon
 Z - 2 scrolls of enchant weapon {unknown}
Potions
 b - 6 potions of lignification
 d - 6 potions of flight
 f - 6 potions of curing
 k - 4 potions of magic
 t - 5 potions of heal wounds
 x - 2 potions of might
 M - 3 potions of mutation {unknown}
 N - 4 potions of haste
 O - 2 potions of invisibility {unknown}
 P - 5 potions of attraction
 Q - 5 potions of ambrosia
 R - 5 potions of resistance {unknown}
 T - 2 potions of berserk rage
 Y - 2 potions of experience
Miscellaneous
 U - a phantom mirror


   Skills:
 + Level 10.8 Fighting
 - Level 20.0 Axes
 + Level 5.1 Throwing
 + Level 10.5 Armour
 + Level 9.7 Dodging
 + Level 8.0 Shields
 + Level 7.8 Evocations


You had 13 spell levels left.
You didn't know any spells.
Your spell library was empty.

Dungeon Overview and Level Annotations

Branches:
Dungeon (13/15)            Temple (0/1) D:7            Lair (6/6) D:9
  Swamp (0/4) Lair:3        Snake (0/4) Lair:4        Slime (0/5) Lair:6
    Orc (0/2) D:12         Bailey (visited)         Volcano (visited)
 Vaults: D:13-14

Altars:
Dithmenos
Fedhas
Gozag
Makhleb
Ru
Vehumet
Xom
Jiyva

Shops:
D:3 (   D:12 *

Annotations:
D:14 Nessos


Innate Abilities, Weirdness & Mutations

You have a pair of horns on your head.
You reflexively headbutt those who attack you in melee.


Message History

You feel sick.
Nessos shoots an arrow.
The arrow hits you! The arrow burns you.
You are more poisoned.
* * * LOW HITPOINT WARNING * * *
Nessos shoots an arrow.
The arrow hits you!!
* * * LOW HITPOINT WARNING * * *
The arrow burns you.
You are more poisoned.
* * * LOW HITPOINT WARNING * * *
Unknown command.
You feel much better.
You feel extremely sick.
Nessos unwields a +3 longbow of flaming.
It stops flaming.
Nessos hits you but does no damage. Nessos kicks you but does no damage.
A red film seems to cover your vision as you go berserk!
You feel yourself moving faster!
You feel mighty!
You feel extremely sick.
Nessos gestures wildly while chanting.
Nessos blinks!
Nessos wields a +3 longbow of flaming.
It bursts into flame!
Nessos shoots an arrow.
The arrow closely misses you.
You feel a strong urge to attack something.
You feel very sick.
Nessos shoots an arrow.
The arrow hits you!
* * * LOW HITPOINT WARNING * * *
You are more poisoned.
Nessos shoots an arrow.
The arrow misses you.
* * * LOW HITPOINT WARNING * * *
You feel very sick.
Nessos shoots an arrow.
The arrow hits you!
* * * LOW HITPOINT WARNING * * *
The arrow burns you.
You are more poisoned.
* * * LOW HITPOINT WARNING * * *
You slice Nessos!! Your headbutt misses Nessos.
Nessos is heavily wounded.
* * * LOW HITPOINT WARNING * * *
You feel very sick.
Nessos unwields a +3 longbow of flaming.
It stops flaming.
Nessos hits you.
You die...

#...# #..#
#†.# #...#
#..# #..#
#...#
#..####..#
#...#
#....(...#
#...#
#.....>..#
#...#
#..#####.#
#...# #.[#
#.# #../#
#..# #.#
#.@.# #..#
#.#
.......c$#
#..# #.#
.........#
#..# #.#
...[.....#
#.°# .#
..#####..#
#°.# .
#..# #○.#
#..# #○.#
#..# #○.#


You could see Nessos (fast).

Vanquished Creatures
  An orc warlord (Bailey)
  2 boulder beetles
  A catoblepas (Lair:6)
  10 hydras
  3 death yaks (Lair:6)
  3 two-headed ogres
  Nergalle (D:10)
  Sonja (Lair:4)
  A lindwurm (Lair:6)
  A necromancer (Lair:4)
  An oklob plant (D:6)
  An orc knight (Bailey)
  7 ugly things
  A cyclops (D:13)
  A manticore (D:14)
  6 elephants (Lair:6)
  5 black mambas
  12 cane toads
  A molten gargoyle (Lair:4)
  A torpor snail (Lair:6)
  3 gargoyles
  An efreet (Volcano)
  5 kobold demonologists
  2 rime drakes (Lair:6)
  13 komodo dragons
  3 polar bears
  A troll (D:12)
  A queen bee (Lair:1)
  Grinder (D:4)
  12 blink frogs
  5 hornets
  14 dream sheep
  4 spriggans (Lair:4)
  8 wyverns
  2 fire bats (Lair:4)
  8 basilisks
  40 yaks
  4 vampire mosquitoes (D:7)
  A steam dragon (D:8)
  A fire elemental (Volcano)
  A warg (D:12)
  4 nagas (Lair:4)
  17 water moccasins
  An acid dragon (D:13)
  A hornet zombie (D:7)
  5 orc warriors
  2 sky beasts
  An ice beast (D:8)
  2 black bears
  2 necrophages
  The ghost of Smaepdii the Skirmisher, an amateur DsFi of Okawaru (D:4)
  18 wolves
  2 ogres
  7 centaurs
  A phantom (D:5)
  Blork the orc (D:4)
  7 bullfrogs
  5 kobold brigands
  A wyvern zombie (D:8)
  A gnoll sergeant (D:8)
  3 scorpions
  A water moccasin zombie (D:5)
  31 killer bees
  16 wights
  2 electric eels (Lair:4)
  The ghost of hgbash the Conjurer, a weakling OpCj (D:3)
  3 howler monkeys
  5 centaur zombies
  A lava snake (Lair:4)
  A bullfrog zombie (D:7)
  5 orc priests
  4 hounds
  A bullfrog skeleton (D:6)
  A gnoll shaman (D:7)
  6 jellies (D:6)
  A centaur skeleton (D:7)
  4 iguanas
  Ijyb (D:3)
  2 orc wizards (D:10)
  3 polar bear simulacra (Lair:4)
  5 yak simulacra (Lair:4)
  A wolf simulacrum (Lair:4)
  2 hound zombies (D:5)
  A scorpion simulacrum (D:3)
  A hound skeleton (D:5)
  18 gnolls
  6 adders
  A hound simulacrum (D:3)
  2 white imps
  An ufetubus (D:5)
  4 worms
  An adder simulacrum (D:3)
  30 orcs
  24 endoplasms
  3 giant cockroaches
  8 hobgoblins
  8 jackals (D:1)
  29 kobolds
  5 quokkas
  5 ball pythons
  2 ball python simulacra (D:3)
  2 bats
  6 frilled lizards
  16 goblins
  A quokka simulacrum (D:3)
  7 rats
  2 river rat simulacra (Lair:4)
552 creatures vanquished.

Vanquished Creatures (others)
  32 fungi
  111 plants
143 creatures vanquished.

Grand Total: 695 creatures vanquished

Notes
Turn   | Place    | Note
-------+----------+-------------------------------------------
     0 | D:1      | siradein the Minotaur Berserker began the quest for the
                  | Orb.
     0 | D:1      | Reached XP level 1. HP: 19/19 MP: 0/0
    42 | D:1      | Reached skill level 4 in Axes
   340 | D:1      | Reached XP level 2. HP: 15/26 MP: 1/1
  1274 | D:1      | Reached skill level 5 in Axes
  1732 | D:1      | Reached XP level 3. HP: 31/31 MP: 2/2
  2126 | D:2      | Found a faded altar of an unknown god.
  2150 | D:2      | Reached skill level 6 in Axes
  2150 | D:2      | Reached XP level 4. HP: 17/39 MP: 3/3
  2740 | D:2      | Reached ** piety under Trog
  3060 | D:3      | Found a burning altar of Makhleb.
  3076 | D:3      | Found a runed translucent gate.
  3076 | D:3      | Found a runed translucent gate.
  3076 | D:3      | Found a runed translucent gate.
  3147 | D:3      | Found Zehulak's Weapon Shop.
  3841 | D:3      | Noticed Ijyb
  3844 | D:3      | Reached XP level 5. HP: 41/45 MP: 4/4
  3848 | D:3      | Killed Ijyb
  3849 | D:3      | Reached skill level 7 in Axes
  4042 | D:3      | Noticed hgbash's ghost (weakling OpCj)
  4144 | D:4      | Noticed Blork the orc
  4161 | D:4      | HP: 2/67 [Blork the orc (7)]
  4162 | D:4      | Killed Blork the orc
  4163 | D:4      | Reached skill level 8 in Axes
  4448 | D:3      | Killed hgbash's ghost
  4449 | D:3      | Reached XP level 6. HP: 51/51 MP: 5/5
  4453 | D:3      | Reached *** piety under Trog
  4607 | D:4      | Noticed Grinder
  4614 | D:4      | Killed Grinder
  4615 | D:4      | Reached skill level 9 in Axes
  4615 | D:4      | Reached XP level 7. HP: 46/57 MP: 6/6
  4681 | D:4      | Found a runed translucent door.
  4686 | D:4      | Noticed Smaepdii's ghost (amateur DsFi)
  4728 | D:4      | Found a shadowy altar of Dithmenos.
  4737 | D:4      | Found a shimmering altar of Xom.
  5120 | D:4      | Found a runed translucent door.
  5143 | D:4      | Killed Smaepdii's ghost
  5144 | D:4      | Reached skill level 10 in Axes
  5290 | D:5      | Entered Level 5 of the Dungeon
  5616 | D:5      | Reached skill level 11 in Axes
  5862 | D:5      | Reached XP level 8. HP: 64/64 MP: 7/7
  6133 | D:6      | Reached skill level 12 in Axes
  6585 | D:6      | Reached **** piety under Trog
  6586 | D:6      | Reached skill level 13 in Axes
  7041 | D:6      | Noticed an oklob plant
  7057 | D:6      | Reached XP level 9. HP: 68/70 MP: 8/8
  7182 | D:6      | Reached skill level 14 in Axes
  7313 | D:7      | Found a staircase to the Ecumenical Temple.
  8167 | D:7      | Identified the +3 scale mail of Happy Babbling {Dex+4}
  8200 | D:7      | Reached skill level 15 in Axes
  8200 | D:7      | HP: 4/105 [vampire mosquito (4)]
  8974 | D:8      | Found a radiant altar of Vehumet.
  8994 | D:8      | Reached skill level 16 in Axes
  9075 | D:8      | Reached ***** piety under Trog
  9233 | D:8      | Reached XP level 10. HP: 77/77 MP: 9/9
  9769 | D:9      | Reached skill level 17 in Axes
 10300 | D:9      | Reached skill level 18 in Axes
 10351 | D:9      | Found a staircase to the Lair.
 10513 | D:9      | Found a sacrificial altar of Ru.
 10775 | D:9      | Noticed a two-headed ogre
 10784 | D:9      | Killed a two-headed ogre
 10785 | D:9      | Reached XP level 11. HP: 82/82 MP: 10/10
 11047 | D:10     | Entered Level 10 of the Dungeon
 11310 | D:10     | Reached skill level 19 in Axes
 11652 | D:10     | Found a blossoming altar of Fedhas.
 11782 | D:10     | Paralysed by a hornet for 3 turns
 12026 | D:10     | Noticed Nergalle
 12037 | D:10     | Killed Nergalle
 12429 | D:11     | Found an opulent altar of Gozag.
 12646 | D:11     | Noticed a five-headed hydra
 12654 | D:11     | Killed a five-headed hydra
 12670 | D:11     | Paralysed by a hornet for 3 turns
 12899 | D:11     | Reached skill level 20 in Axes
 12907 | D:11     | Reached skill level 1 in Evocations
 13408 | Lair:1   | Entered Level 1 of the Lair of Beasts
 13605 | Lair:1   | Found a dark tunnel.
 13616 | Volcano  | Entered a volcano
 13752 | Volcano  | Reached skill level 5 in Fighting
 14298 | Lair:1   | Noticed a seven-headed hydra
 14306 | Lair:1   | Killed a seven-headed hydra
 14307 | Lair:1   | Reached XP level 12. HP: 57/94 MP: 11/11
 14612 | Lair:1   | Noticed a four-headed hydra
 14621 | Lair:1   | Killed a four-headed hydra
 14622 | Lair:1   | Reached skill level 5 in Armour
 14929 | Lair:1   | Reached skill level 5 in Dodging
 15979 | Lair:2   | Received a gift from Trog
 16414 | Lair:2   | Reached skill level 1 in Shields
 16566 | Lair:3   | Found a staircase to the Swamp.
 16747 | Lair:3   | Identified the +5 ring mail "Goddutazuy" {Str+2}
 17082 | Lair:3   | Found the +8 trident of the Octopus King {venom, rElec
                  | rPois Will+}
 17539 | Lair:4   | Reached skill level 5 in Evocations
 17614 | Lair:4   | Found a staircase to the Snake Pit.
 18269 | Lair:4   | Reached XP level 13. HP: 62/107 MP: 12/12
 19119 | Lair:4   | Noticed Sonja
 19124 | Lair:4   | Killed Sonja
 19283 | Lair:4   | Reached ****** piety under Trog
 19814 | Lair:5   | Reached skill level 5 in Shields
 19818 | Lair:5   | Reached skill level 1 in Throwing
 20176 | Lair:5   | Received a gift from Trog
 21009 | Lair:6   | Entered Level 6 of the Lair of Beasts
 21437 | Lair:6   | Found a staircase to the Slime Pits.
 21437 | Lair:6   | Found a viscous altar of Jiyva.
 22354 | Lair:6   | Reached XP level 14. HP: 119/119 MP: 13/13
 22371 | Lair:6   | Reached skill level 10 in Fighting
 22385 | Lair:6   | Received a gift from Trog
 23385 | D:12     | Reached skill level 10 in Armour
 23629 | D:12     | Found Laaffoaxt's General Store.
 23637 | D:12     | Bought a scroll of identify for 28 gold pieces
 23710 | D:12     | Found a staircase to the Orcish Mines.
 24510 | D:13     | Found a flagged portal.
 24526 | Bailey   | Entered a bailey
 24531 | Bailey   | Noticed an orc warlord
 24568 | Bailey   | Found a runed translucent gate.
 24568 | Bailey   | Found a runed translucent gate.
 24568 | Bailey   | Found a runed translucent gate.
 24663 | Bailey   | Killed an orc warlord
 24863 | D:13     | You fall into a shaft and drop 1 floor!
 24893 | D:14     | Reached skill level 5 in Throwing
 25015 | D:14     | Noticed Nessos
 25020 | D:14     | HP: 6/122 [Nessos/arrow (3)]
 25025 | D:14     | HP: 1/183 [poisoned by Nessos]
 25025 | D:14     | Slain by Nessos

Illustrated notes

Levels and vault maps discovered:
D:1:      dpeg_arrival_tiny_k, layout_loops_ring, minmay_liquid_box,
          minmay_misc_feat_rows
D:2:      layout_loops_ring, dreamdust_ecumenical_altar_grove
D:3:      kennysheep_the_goblin_king, layout_basic,
          mainiacjoe_overflow_small_starburst, gammafunk_ghost_icy,
          serial_shops, nicolae_diamond_shop
D:4:      layout_rooms, grunt_dithmenos_smoke_and_mirrors,
          mainiacjoe_overflow_alcove_2, ebering_ghost_sewer_f,
          uniq_blork_the_orc, uniq_grinder
D:5:      layout_loops_ring
D:6:      lemuel_slime, layout_basic
D:7:      layout_gridville, minmay_temple_entry_sparse_star,
          chequers_serial_rivers_large_a, minmay_misc_feat_ornament,
          kennysheep_minor_cross
D:8:      layout_rooms, lemuel_crystal_altar, minmay_quadrilaterals
D:9:      layout_small_grid, mainiacjoe_overflow_cross_hatched,
          minmay_lair_entry_grove
D:10:     layout_basic, fedhas_ov_isle_minmay, uniq_nergalle
D:11:     layout_long_grid, grunt_gozag_statues
D:12:     layout_irregular_city, david_orc_1_choice, serial_shops, shop
D:13:     minmay_cornered_nines, layout_basic, lightli_bailey_entry_fortress,
          portal_ice_cave_entry_pillars_1, uniq_josephine
D:14:     layout_long_grid, ximxim_vaults_locker_room, grunt_decor_arrowhead,
          nicolae_yredelemnul_ghost_church, uniq_nessos
Lair:1:   layout_gridlike, special_room [special_room_bee],
          lightli_volcano_entry_magma_tube, infiniplex_staircase_pool_2
Lair:2:   layout_gridlike, grunt_megastairs_2
Lair:3:   layout_gridlike, swamp_mist, hangedman_lair_unloving_vines
Lair:4:   wad_woods_settlement, layout_gridlike,
          minmay_snake_entry_guardpost_small, serial_bayou_ford_a,
          eino_house_with_fridge, uniq_sonja
Lair:5:   layout_cellular_growth, beast_lair_carwin_11, serial_bayou_shore_b
Lair:6:   hangedman_lair_in_review, layout_cave_pods, slime_altar_1

Skill      XL: |  1  2  3  4  5  6  7  8  9 10 11 12 13 14 |
---------------+-------------------------------------------+-----
Axes           | 4 5 6 8 9 11 13 16 18 20 | 20.0
Fighting       | 5 8 9 10 | 10.8
Armour         | 4 7 9 10 | 10.5
Evocations     | 2 5 6 7 |  7.8
Dodging        | 4 7 8 9 |  9.7
Shields        | 3 6 8 |  8.0
Throwing       | 3 5 |  5.1

Action                   |  1- 3 |  4- 6 |  7- 9 | 10-12 | 13-15 || total
-------------------------+-------+-------+-------+-------+-------++-------
Melee: Hand axe          |    38 |       |       |       |       ||    38
       Headbutt          |    10 |    14 |    44 |   108 |   103 ||   279
       Battleaxe         |    30 |   128 |   226 |   368 |   376 ||  1128
       Dire flail        |       |       |       |    14 |    17 ||    31
       Broad axe         |       |       |       |    61 |       ||    61
       War axe           |       |       |       |       |    16 ||    16
Invok: Berserk           |     1 |     2 |     4 |     8 |     6 ||    21
       Trog's Hand       |       |     1 |     2 |     8 |     7 ||    18
  Use: Scroll            |       |       |       |    16 |     6 ||    22
       Potion            |       |       |       |     1 |     1 ||     2
Armor: Animal skin       |     9 |       |       |       |       ||     9
       Scale mail        |    10 |    56 |    84 |   156 |       ||   306
       Ring mail         |       |       |       |    25 |   169 ||   194
Dodge: Dodged            |    56 |    77 |   146 |   235 |   287 ||   801
Block: Kite shield       |       |       |       |    24 |       ||    24

Table legend: (Time is in decaauts)
 A = Elapsed time spent in this place.
 B = Non-inter-level travel time spent in this place.
 C = Inter-level travel time spent in this place.
 D = Time resting spent in this place.
 E = Time spent auto-exploring this place.
 F = Levels seen in this place.
 G = Mean time per level.
                   A        B        C        D        E       F      G
               +--------+--------+--------+--------+--------+-----+--------+
         Total |  25098 |  24242 |    856 |   4028 |  16627 |  22 | 1140.8 |
       Dungeon |  15290 |  14713 |    577 |   3111 |   9446 |  14 | 1092.1 |
          Lair |   9244 |   8965 |    279 |    885 |   6955 |   6 | 1540.7 |
        Bailey |    277 |    277 |      0 |     29 |     34 |   1 |  277.0 |
       Volcano |    285 |    285 |      0 |      2 |    192 |   1 |  285.0 |
               +--------+--------+--------+--------+--------+-----+--------+

Top non-repeatable levels by time:
     D:1: 2076 daAuts
  Lair:4: 1966 daAuts
  Lair:1: 1857 daAuts
  Lair:6: 1816 daAuts
     D:6: 1736 daAuts
  Lair:5: 1614 daAuts
     D:3: 1575 daAuts
    D:12: 1481 daAuts
     D:7: 1337 daAuts
     D:8: 1146 daAuts
    D:10: 1088 daAuts
     D:9: 1053 daAuts
     D:2: 1029 daAuts
  Lair:2: 1025 daAuts
  Lair:3: 964 daAuts
